Map: 2000 Atmosphären LE

Players

K.I.-1 (Sehr leicht) - Winner!

  • Race: Protoss Protoss

Luca

  • Race: Terran Terran
  • League: Master

VOD

Have the link to the VOD?

Description

Time

  • Played on: April 3, 2022, 9:10 a.m.
  • Length: 12:58
Show
View Real Time Build Order
Export as new Build Order

K.I.-1 (Sehr leicht) Protoss - Winner!

Build Orders:  

Get SALT Encoding   

  12  0:00  Probe  
  13  0:13  Probe  
  14  0:19  Pylon  
  14  0:37  Assimilator  
  14  0:43  Gateway  
  14  0:45  Pylon  
  14  1:14  Assimilator  
  14  1:23  Probe  
  14  1:31  Probe  
  15  1:33  Cybernetics Core, Zealot  
  15  1:39  Probe  
  19  1:49  Probe  
  20  1:59  Warp Gate, Probe  
  20  2:08  Probe  
  22  2:40  Stalker  
  24  4:05  Probe  
  24  5:35  Probe  
  24  6:55  Probe  
  24  7:00  Adept  
  27  7:03  Pylon, Probe  
  27  7:06  Robotics Facility, Nexus  
  28  7:13  Probe  
  25  7:47  Observer  
  25  7:54  Stalker  
  28  8:05  Observer  
  29  8:17  Probe  
  30  8:24  Probe  
  30  8:26  Assimilator  
  31  8:29  Probe, Assimilator  
  32  8:37  Probe  
  33  8:48  Zealot, Probe  
  34  8:55  Probe  
  37  9:02  Probe  
  38  9:09  Probe  
  39  9:14  Probe  
  40  9:22  Probe  
  41  9:27  Probe  
  42  9:34  Probe  
  43  9:45  Probe  
  44  9:52  Probe  
  45  9:59  Probe  
  46  10:06  Probe  
  47  10:10  Pylon  
  47  10:13  Probe  
  48  12:21  Warp Prism  
  48  12:27  Adept  
  48  12:29  Gateway  
  52  12:30  Robotics Bay  
  52  12:32  Stargate  
  52  12:38  Pylon  
  52  12:53  Sentry  
Show
View Real Time Build Order
Export as new Build Order

Luca Terran 

Build Orders: Gas First Reaper Expand 

Get SALT Encoding   

  12  0:01  SCV  
  13  0:13  SCV  
  14  0:17  Supply Depot  
  14  0:25  SCV  
  15  0:30  Refinery  
  15  0:38  SCV  
  16  0:45  Barracks  
  16  0:50  SCV  
  17  1:02  SCV  
  18  1:15  SCV  
  19  1:31  Orbital Command  
  19  1:32  Reaper  
  20  1:45  Command Center  
  20  1:56  Supply Depot  
  20  1:57  SCV  
  21  2:04  Marine  
  22  2:09  SCV  
  22  2:12  Factory  
  23  2:21  SCV  
  24  2:26  Bunker, Barracks Reactor  
  24  2:33  SCV  
  25  2:37  Barracks  
  25  2:45  SCV  
  25  2:47  Refinery  
  26  2:55  Factory Tech Lab  
  26  2:57  SCV, Orbital Command  
  27  3:03  Marine  
  27  3:04  Marine  
  29  3:09  SCV  
  30  3:14  Cyclone  
  33  3:21  SCV, Marine x2  
  33  3:23  SCV  
  33  3:26  Barracks Tech Lab  
  37  3:34  SCV  
  38  3:35  SCV  
  38  3:39  Marine x2  
  38  3:41  Supply Depot  
  41  3:46  SCV, Marine  
  41  3:47  SCV, Stimpack  
  44  3:58  SCV, Marine  
  44  4:02  Siege Tank, SCV, Marine  
  51  4:05  Supply Depot  
  51  4:10  SCV  
  51  4:11  Marine  
  51  4:14  SCV  
  54  4:24  Command Center  
  54  4:26  SCV, Marine x2  
  54  4:28  SCV, Supply Depot  
  54  4:30  Marine  
  59  4:34  Siege Tank  
  62  4:45  Engineering Bay  
  62  4:50  SCV x2, Marine x2  
  62  4:51  Marine  
  62  4:52  Supply Depot  
  67  4:58  Supply Depot  
  67  5:02  Starport, SCV x2  
  69  5:08  Marine  
  69  5:13  Siege Tank, Marine  
  74  5:14  SCV x2  
  74  5:15  Terran Infantry Weapons Level 1  
  74  5:17  Marine  
  74  5:21  Refinery  
  77  5:22  Refinery  
  77  5:25  Marine  
  77  5:26  SCV x2  
  80  5:31  Marine  
  80  5:34  Combat Shield  
  81  5:37  Barracks  
  81  5:38  SCV  
  81  5:41  Orbital Command  
  82  5:42  Marine  
  82  5:43  Marine, Supply Depot  
  82  5:47  SCV  
  82  5:49  Marine  
  86  5:52  Starport Reactor  
  86  5:53  SCV  
  86  5:54  Siege Tank  
  90  5:59  SCV  
  90  6:02  Barracks  
  91  6:04  Orbital Command  
  91  6:06  Supply Depot  
  91  6:09  SCV  
  91  6:11  SCV, Marine x2  
  93  6:12  Barracks  
  93  6:13  Marine  
  96  6:21  SCV  
  96  6:23  SCV  
  96  6:25  Refinery  
  98  6:26  Siege Tank  
  98  6:29  Supply Depot  
  98  6:31  Marine x2, Supply Depot  
  98  6:32  Barracks Reactor  
  103  6:33  SCV x2  
  103  6:36  Medivac  
  103  6:38  Medivac  
  109  6:43  SCV  
  109  6:45  SCV x2  
  112  6:49  Marine x2  
  112  6:50  Barracks Reactor  
  112  6:54  Marine, Supply Depot  
  114  6:55  SCV, Supply Depot  
  114  6:57  SCV  
  114  7:00  Barracks Tech Lab  
  117  7:02  Concussive Shells  
  117  7:03  SCV  
  117  7:07  Marine x2  
  117  7:08  SCV  
  121  7:09  Terran Infantry Armor Level 1, SCV  
  121  7:12  Marine x2  
  121  7:13  Engineering Bay, Armory  
  121  7:14  Marine  
  125  7:16  SCV  
  125  7:18  Supply Depot x2  
  125  7:20  SCV, Refinery  
  127  7:23  Siege Tank  
  127  7:27  Medivac  
  127  7:28  Medivac  
  134  7:30  Marine x4  
  134  7:31  Marine  
  134  7:33  SCV  
  134  7:34  Marine x2  
  134  7:35  Marine  
  143  7:38  SCV  
  143  7:43  SCV  
  145  7:46  Supply Depot  
  145  7:47  SCV  
  145  7:48  Marine x4  
  150  7:56  Marine x2  
  150  7:57  Command Center, Medivac  
  154  7:58  Medivac  
  154  8:02  Missile Turret  
  156  8:06  Missile Turret, Marine x2  
  156  8:07  Missile Turret, Marine x2  
  156  8:11  Terran Infantry Weapons Level 2  
  160  8:16  Siege Tank  
  160  8:17  Marine x4  
  167  8:23  Marine  
  167  8:24  Marine x2  
  167  8:25  Marine  
  167  8:26  Supply Depot  
  171  8:27  Supply Depot  
  171  8:31  Terran Vehicle Weapons Level 1  
  171  8:35  Marine x2  
  173  8:47  Medivac x2, Marine x4  
  181  8:48  Marine x2  
  181  8:50  Siege Tank, Supply Depot x2  
  181  8:52  Marine  
  181  8:53  Marine  
  188  9:05  Starport, Marine  
  188  9:08  Marine x5  
  188  9:09  Factory  
  194  9:10  Marine x2  
  196  9:17  Medivac x2  
  196  9:23  Barracks x2  
  200  9:26  Marine x4  
  200  9:27  Barracks  
  200  9:28  Marine x4  
  193  9:33  Siege Tank  
  193  9:36  Fusion Core  
  193  9:37  Terran Infantry Armor Level 2  
  195  9:39  Ghost Academy  
  195  9:44  Marine x4  
  195  9:45  Planetary Fortress  
  190  9:46  Marine x4  
  190  9:47  Starport Reactor  
  190  9:51  SCV  
  190  9:52  SCV  
  196  9:54  Factory Tech Lab  
  196  10:02  Marine x4  
  196  10:04  Missile Turret  
  196  10:05  Liberator x2, Refinery  
  196  10:06  Marine  
  197  10:07  Marine  
  197  10:10  Enhanced Shockwaves, Refinery  
  197  10:13  Barracks Tech Lab  
  197  10:14  Barracks Tech Lab x2  
  198  10:15  Marine  
  198  10:18  SCV  
  187  10:28  Liberator x2  
  187  10:35  Advanced Ballistics  
  193  10:37  Marine  
  193  10:38  Marine x5  
  194  10:43  Command Center  
  194  10:49  Siege Tank x2  
  184  10:53  Marine x2  
  184  10:54  Marine x2  
  188  11:00  Liberator x2  
  188  11:01  Marine x3  
  197  11:06  Marine x3  
  200  11:20  Missile Turret  
  200  11:25  Ghost, Missile Turret  
  196  11:27  Ghost  
  196  11:29  Marauder  
  196  11:30  Marauder x2  
  196  11:32  Marine x4  
  189  11:41  Liberator  
  189  11:46  Marine x2  
  190  11:49  Command Center  
  190  11:50  Ghost  
  190  11:52  Viking  
  190  11:53  Viking  
  192  12:01  Ghost  
  192  12:05  Ghost  
  192  12:07  Marauder, Marine x2  
  187  12:16  Siege Tank  
  187  12:17  Siege Tank  
  187  12:21  Command Center  
  193  12:26  SCV x2  
  192  12:47  Missile Turret  
  192  12:48  Refinery  
  193  12:51  Refinery  
Tags
 
Add a new tag
Caveats
  • Supply blocks, unpowered buildings, or Contaminate may cause inaccurate times.
  • Supply counts are checked every 10 seconds.